 Dungeon Crawl Stone Soup version 0.30-a0-953-g5f1da4a474 (webtiles) character file.

Game seed: 9355756974675248358

34 Jeffwins the Shooter (level 3, -2/28 HPs)
             Began as a Human Wanderer on Mar 29, 2023.
             Slain by Terence
             ... wielding a +0 morningstar
              (10 damage)
             ... on level 1 of the Dungeon.
             The game lasted 00:02:25 (807 turns).

Jeffwins the Shooter (Human Wanderer)                Turns: 807, Time: 00:02:26

Health: -2/28      AC:  4    Str:  8    XL:     3   Next: 50%
Magic:  4/4        EV: 10    Int: 15    God:
Gold:   154        SH:  0    Dex: 15    Spells: 3/4 levels left

rFire   . . .      SeeInvis .    a - +1 sling
rCold   . . .      Faith    .    (no shield)
rNeg    . . .      Spirit   .    m - +0 leather armour
rPois   .          Reflect  .    (no helmet)
rElec   .          Rampage  .    (no cloak)
rCorr   .                        (no gloves)
Will    .....                    k - +0 pair of boots
Stlth   ++                       (no amulet)
HPRegen 0.24/turn                (no ring)
MPRegen 0.09/turn                (no ring)

@: no status effects
A: no striking features
a: no special abilities


You were on level 1 of the Dungeon.
You visited 1 branch of the dungeon, and saw 2 of its levels.

You collected 154 gold pieces.


   Skills:
 + Level 2.4 Fighting
 * Level 4.6 Ranged Weapons
 - Level 1.0 Armour
 + Level 1.2 Stealth
 - Level 1.0 Spellcasting
 - Level 2.0 Earth Magic


You had 3 spell levels left.
You knew the following spells:

 Your Spells              Type           Power      Damage    Failure   Level
z - Sandblast             Erth           12%        2d6       16%         1

Your spell library contained the following spells:

 Spells                   Type           Power      Damage    Failure   Level
 Passwall                 Tmut/Erth      2%         N/A       34%         2
 Petrify                  Tmut/Erth      3%         N/A       92%         4

Inventory:

Hand Weapons
 a - a +1 sling (weapon)
Missiles
 e - 2 throwing nets {=f}
Armour
 k - a +0 pair of boots (worn)
 m - a +0 leather armour (worn)
Scrolls
 b - a scroll of teleportation {@r4}
 c - a scroll of brand weapon {unknown}
 h - a scroll of immolation {unknown}
 j - a scroll of identify {unknown}
Potions
 f - a potion of haste {unknown}
 g - a potion of mutation {unknown}
 l - 3 potions of curing {unknown}

Dungeon Overview and Level Annotations

Branches:
Dungeon (2/15)

Altars:

Shops:
D:2 :

Annotations:
D:1 Terence

###########...# #..####....##
#.............# #....##....#
#.########...####....#8<...#
#.....####...........##....##
#####........####....##.....#
##...#...###.....##.....##
####..#...#....>....##....§§##
#....###..####.##....##...§§§##
#....###......@......##...§§§§§
#........#...@...####.##...§§§.
#....##................##...§§.
##..###.##.....>.......####.§..
##..###.##...............######
#...##...(...............#.####
#.#...#.##......#........÷.....
###.###....#.)............#...##.
....###..#................###.###


You could see Terence.


Message History

Okay, then.
You shoot a sling bullet.
The sling bullet hits Terence but does no damage.
Terence hits you with a +0 morningstar! x2
* * * LOW HITPOINT WARNING * * *
You are too injured to fight recklessly!
You are too injured to fight recklessly!
You are too injured to fight recklessly!
Unknown command.
You aren't carrying any items that you can evoke.
Unknown command.
Blink to where?
Press: ? - help, Dir - move target, f - you, p - Terence Are you sure you want to cancel this blink?
Blink to where?
Press: ? - help, Dir - move target, f - you Are you sure you want to cancel this blink?
Blink to where?
Press: ? - help, Dir - move target, f - you Are you sure you want to cancel this blink?
Blink to where?
Press: ? - help, Dir - move target, f - you Are you sure you want to cancel this blink?
Blink to where?
Press: ? - help, Dir - move target, f - you Are you sure you want to cancel this blink?
Okay, then.
As you read the scroll labelled BOLIUF ZUPSUTULAY, it crumbles to dust.
It was a scroll of blinking.
Terence hits you with a +0 morningstar!
You die...

Skill      XL: |  1  2 |
---------------+-------+-----
Stealth        | 1 |  1.2
Fighting       | |  2.4
Ranged Weapons | |  4.6
Armour         | |  1.0
Spellcasting   | |  1.0
Earth Magic    | |  2.0

Action                     || total
---------------------------++-------
   Fire: Sling             ||    83
  Throw: Dart              ||     4
    Use: Scroll            ||     2
 Armour: Robe              ||     3
         Leather armour    ||    12
  Dodge: Dodged            ||    27

Levels and vault maps discovered:
D:1:      heliophobic_arrival_dark_side_of_the_moon, layout_rooms,
          ebering_ecumenical_altar_sacrificial
D:2:      layout_basic, serial_shops, nicolae_shop_waterfront, uniq_terence

Notes
Turn   | Place    | Note
-------+----------+-------------------------------------------
     0 | D:1      | Jeffwins the Human Wanderer began the quest for the Orb.
     0 | D:1      | Jeffwins set off with the following items: a +1 sling, a
                  | scroll of teleportation {@r4}, a +0 robe; and the following
                  | spell memorised: Sandblast; and the following spells
                  | available to memorise: Passwall, Petrify.
     0 | D:1      | Reached XP level 1. HP: 16/16 MP: 2/2
    31 | D:1      | Found a faded altar of an unknown god.
   142 | D:1      | Reached XP level 2. HP: 22/22 MP: 3/3
   294 | D:1      | Reached skill level 1 in Stealth
   363 | D:1      | Reached XP level 3. HP: 27/27 MP: 4/4
   602 | D:2      | Found Kiepaf's Book Emporium.
   667 | D:2      | Noticed Terence
   672 | D:1      | HP: 2/28 [Terence/+0 morningstar (9)]
   807 | D:1      | Slain by Terence

Vanquished Creatures
  A dart slug (D:1)
  2 ball pythons
  6 endoplasms
  A giant cockroach (D:1)
  3 goblins
  2 hobgoblins
  2 kobolds (D:2)
  3 bats (D:1)
  2 frilled lizards
  7 rats
29 creatures vanquished.

Table legend: (Time is in decaauts)
 A = Elapsed time spent in this place.
 B = Non-inter-level travel time spent in this place.
 C = Inter-level travel time spent in this place.
 D = Time resting spent in this place.
 E = Time spent auto-exploring this place.
 F = Levels seen in this place.
 G = Mean time per level.
                   A        B        C        D        E       F      G
               +--------+--------+--------+--------+--------+-----+--------+
         Total |    824 |    732 |     92 |      8 |    486 |   2 |  412.0 |
       Dungeon |    824 |    732 |     92 |      8 |    486 |   2 |  412.0 |
               +--------+--------+--------+--------+--------+-----+--------+

Top non-repeatable levels by time:
     D:1: 652 daAuts
     D:2: 171 daAuts

Table legend:
 A = Non-vault XP
 B = Vault XP
 C = Vault XP percentage of total XP
 D = Non-vault monster count
 E = Vault monster count
 F = Vault count percentage of total count
                 A         B        C        D         E       F
            +---------+---------+-------+---------+---------+-------
      Total |      49 |       0 |   0.0 |      29 |       0 |   0.0
            +---------+---------+-------+---------+---------+-------
        D:1 |      32 |       0 |   0.0 |      19 |       0 |   0.0
        D:2 |      17 |       0 |   0.0 |      10 |       0 |   0.0
            +---------+---------+-------+---------+---------+-------
